 Dungeon Crawl Stone Soup version 0.28.0-45-g0d030f2227 (webtiles) character file.

Game seed: 9255941280276720263

176 styxcanada the Covert (level 5, -1/26 HPs)
             Began as a Spriggan Brigand on Apr 19, 2022.
             Killed from afar by Natasha (8 damage)
             ... with a magic dart
             ... on level 3 of the Dungeon on Apr 20, 2022.
             The game lasted 00:11:46 (3683 turns).

styxcanada the Covert (Spriggan Brigand)            Turns: 3683, Time: 00:11:47

Health: -1/26      AC:  3    Str:  7    XL:     5   Next: 30%
Magic:  6/6        EV: 18    Int: 13    God:
Gold:   127        SH:  0    Dex: 18    Spells: 4/4 levels left

rFire   . . .      SeeInvis +   a - +2 dagger
rCold   . . .      Faith    .   (no shield)
rNeg    . . .      Spirit   .   b - +0 robe
rPois   .          Reflect  .   (helmet restricted)
rElec   .          Harm     .   c - +0 cloak
rCorr   .          Rampage  .   (gloves unavailable)
Will    .....                   (boots unavailable)
Stlth   ++++......              (no amulet)
HPRegen 0.08/turn               (no ring)
MPRegen 0.10/turn               (no ring)

@: very quick
A: very small, no large weapons, unfitting armour, see invisible, speed 3
a: no special abilities


You were on level 3 of the Dungeon.
You visited 1 branch of the dungeon, and saw 3 of its levels.

You collected 127 gold pieces.

Inventory:

Hand Weapons
 a - a +2 dagger (weapon)
 l - a +0 dagger of draining
Missiles
 d - 8 poisoned darts (quivered)
 e - a curare-tipped dart
 j - 26 stones
 m - 3 boomerangs
Armour
 b - a +0 robe (worn)
 c - a +0 cloak (worn)
Wands
 h - a wand of digging (2)
Scrolls
 f - 2 scrolls of teleportation {unknown}
Potions
 g - a potion of might {unknown}
 i - 2 potions of curing
 k - a potion of lignification {unknown}


   Skills:
 * Level 2.2 Fighting
 + Level 2.6 Short Blades
 + Level 2.6 Throwing
 * Level 2.8 Dodging
 * Level 8.3 Stealth


You had 4 spell levels left.
You didn't know any spells.
Your spell library was empty.

Dungeon Overview and Level Annotations

Branches:
Dungeon (3/15)

Altars:
Cheibriados

Annotations:
D:3 Natasha


Innate Abilities, Weirdness & Mutations

You are very small and have problems with some larger weapons.
You are too small for most types of armour.
You have supernaturally acute eyesight. (SInv)
You cover ground extremely quickly. (Speed+++)


Message History

Throw: 13 darts (poison)
Press: ? - help, Q - select action, (/) - cycle Shift-Dir - straight line, f - Natasha
Aim: Natasha (56% to hit)
You throw a poisoned dart. The poisoned dart hits Natasha.
Natasha is poisoned.
Throw: 12 darts (poison)
Press: ? - help, Q - select action, (/) - cycle Shift-Dir - straight line, f/p - Natasha
Aim: Natasha (poisoned, 56% to hit)
You throw a poisoned dart. The poisoned dart hits Natasha.
Natasha looks even sicker.
There is an open door here.
Natasha casts a spell.
Throw: 11 darts (poison)
Press: ? - help, Q - select action, (/) - cycle Shift-Dir - straight line, f/p - Natasha
Aim: Natasha (very poisoned, 56% to hit)
You throw a poisoned dart.
The poisoned dart completely misses Natasha.
The poisoned dart barely misses the rat.
Natasha casts a spell at you. The magic dart hits you.
Throw: 10 darts (poison)
Press: ? - help, Q - select action, (/) - cycle Shift-Dir - straight line, f/p - Natasha
Aim: Natasha (very poisoned, 56% to hit)
You throw a poisoned dart. The poisoned dart hits Natasha.
Natasha looks even sicker.
Unknown command.
Natasha casts a spell at you. The magic dart hits you!
The white imp shouts, "Slither home, thou gleeking fly-bitten shrunken violet!"
Natasha casts a spell at you. The magic dart hits you.
* * * LOW HITPOINT WARNING * * *
Throw: 9 darts (poison)
Press: ? - help, Q - select action, (/) - cycle Shift-Dir - straight line, f/p - Natasha
Aim: Natasha (severely wounded, very poisoned, 56% to hit)
You throw a poisoned dart. The poisoned dart hits Natasha.
Natasha looks even sicker.
Natasha is severely wounded.
Natasha casts a spell at you. The magic dart hits you!
You die...

#........#.######...####.
#####.####.# #........ #.#
#.######..###### #.## #.#
#.........# #...#
#.############'## ##..... #.....#
##...## #...... #####.# ##.....##
#...... # ##..#
##.......#####......
#######...####..@......##........
.............+......h5.(..((....#
#####......###.....r...##.#...###
# #..#.#.# ##.......###.##.## #
#..###.# ##.....## #.# ## # #...
.# ##...## #.# ##.## ## ##+## #.#
#.# #.# #.# #.#


You could see Natasha (very poisoned), a white imp (summoned) and a rat.

Vanquished Creatures
  Jessica (D:2)
  Terence (D:2)
  An adder (D:2)
  4 gnolls
  4 worms (D:2)
  A dart slug (D:2)
  5 orcs
  5 endoplasms
  2 giant cockroaches
  7 goblins
  6 hobgoblins
  3 jackals (D:1)
  2 quokkas (D:1)
  4 ball pythons
  2 bats
  3 frilled lizards
  4 kobolds
  4 rats
59 creatures vanquished.

Notes
Turn   | Place    | Note
-------+----------+-------------------------------------------
     0 | D:1      | styxcanada the Spriggan Brigand began the quest for the
                  | Orb.
     0 | D:1      | Reached XP level 1. HP: 10/10 MP: 2/2
    20 | D:1      | Reached skill level 6 in Stealth
    64 | D:1      | Reached XP level 2. HP: 6/14 MP: 3/3
  1094 | D:1      | Reached skill level 7 in Stealth
  1110 | D:1      | Reached XP level 3. HP: 17/18 MP: 4/4
  1426 | D:1      | Found a faded altar of an unknown god.
  1635 | D:2      | Noticed Jessica
  1667 | D:2      | Killed Jessica
  1706 | D:2      | Noticed Terence
  1734 | D:2      | Killed Terence
  1735 | D:2      | Reached XP level 4. HP: 22/23 MP: 5/5
  2359 | D:2      | Reached skill level 8 in Stealth
  2378 | D:2      | Reached XP level 5. HP: 15/26 MP: 6/6
  3549 | D:3      | Found a snail-covered altar of Cheibriados.
  3662 | D:3      | Noticed Natasha
  3683 | D:3      | Killed from afar by Natasha

Illustrated notes

Levels and vault maps discovered:
D:1:      mushboom_english_gardens, layout_basic,
          shapermc_ecumenical_altar_flowoftime, nicolae_grassy_gnolls
D:2:      layout_loops_cross, nicolae_wormholes, uniq_terence, uniq_jessica
D:3:      layout_loops_corners, mainiacjoe_overflow_cross_hatched,
          mainiacjoe_overflow_chevrons, st_stairs_11, grunt_ministairs_7,
          uniq_natasha

Skill      XL: |  1  2  3  4 |
---------------+-------------+-----
Stealth        | 6 7 8 |  8.3
Fighting       | 2 |  2.2
Dodging        | 2 |  2.8
Short Blades   | |  2.6
Throwing       | |  2.6

Action                   |  1- 3 |  4- 6 || total
-------------------------+-------+-------++-------
Melee: Dagger            |    88 |    71 ||   159
       Punch             |     2 |       ||     2
Throw: Dart              |    21 |    42 ||    63
       Stone             |       |     2 ||     2
 Stab: Sleeping          |    11 |     7 ||    18
       Distracted        |       |     1 ||     1
Armor: Robe              |     6 |     5 ||    11
Dodge: Dodged            |    54 |    38 ||    92
